 Dungeon Crawl Stone Soup version 0.22-a0-456-g11ed031 (webtiles) character file.

239 pk666 the Magician (level 5, 0/28 HPs)
             Began as a Deep Elf Fire Elementalist on June 6, 2018.
             Slain by a worker ant (3 damage)
             ... on level 4 of the Dungeon.
             The game lasted 00:08:36 (2993 turns).

pk666 the Magician (Deep Elf Fire Elementalist)     Turns: 2993, Time: 00:08:37

Health: 0/28       AC:  4    Str:  5    XL:     5   Next: 79%
Magic:  13/14      EV: 13    Int: 21    God:
Gold:   119        SH:  0    Dex: 15    Spells: 5/13 levels left

rFire    . . .     SeeInvis .   (no weapon)
rCold    . . .     Gourm    .   (no shield)
rNeg     . . .     Faith    .   a - +1 robe
rPois    .         Spirit   .   (no helmet)
rElec    .         Reflect  .   (no cloak)
rCorr    .         Harm     .   (no gloves)
MR       .....                  l - +0 pair of boots
Stlth    ++........             (no amulet)
HPRegen  0.09/turn              b - ring of flight
MPRegen  0.14/turn              (no ring)

@: lethally poisoned (0 -> -21), hasted, very quick
A: no striking features
a: Evoke Flight


You were on level 4 of the Dungeon.
You were not hungry.

You visited 1 branch of the dungeon, and saw 4 of its levels.

You collected 119 gold pieces.

Inventory:

Armour
 a - a +1 robe (worn)
 l - a +0 pair of boots (worn)
Jewellery
 b - a ring of flight (left hand)
Scrolls
 d - a scroll of remove curse
 h - 2 scrolls of identify
 j - a scroll of enchant armour
 k - 3 scrolls of teleportation
Potions
 e - a potion of cancellation
 f - a potion of haste
 g - 2 potions of ambrosia {unknown}
 m - a potion of agility {unknown}
 n - a potion of mutation {unknown}
 o - a potion of lignification {unknown}
 p - 2 potions of might {unknown}
Comestibles
 c - 5 rations
 i - 3 chunks of flesh


   Skills:
 - Level 2.4 Dodging
 - Level 2.4 Stealth
 + Level 4.8 Spellcasting
 * Level 4.5 Conjurations
 + Level 4.5 Fire Magic


You had 5 spell levels left.
You knew the following spells:

 Your Spells              Type           Power        Failure   Level  Hunger
a - Flame Tongue          Conj/Fire      ###..        1%          1    None
b - Sticky Flame          Conj/Fire      ###.....     17%         4    ####...
c - Conjure Flame         Conj/Fire      ###.....     4%          3    ##.....

Your spell library contained the following spells:

 Spells                   Type           Power        Failure   Level  Hunger
 Fireball                 Conj/Fire      ###.......   43%         5    #####..
 Throw Flame              Conj/Fire      ###...       2%          2    None
 Inner Flame              Hex/Fire       ##......     13%         3    ##.....


Dungeon Overview and Level Annotations

Branches:
Dungeon (4/15)
 Temple: D:4-7

Altars:
Wu Jian


Message History

You are poisoned.
The worker ant poisons you!
You feel sick.
The howler monkey hoots and howls with incredible vigour!
You hear an angry hiss.
You hear a shout!
You feel sick.
You feel sick.
You feel sick.
A necrophage comes into view.
You feel sick. The worker ant bites you.
You are lethally poisoned!
The worker ant poisons you! The worker ant bites you.
* * * LOW HITPOINT WARNING * * *
You are more poisoned.
The worker ant poisons you!
There is a stone staircase leading up here.
It was a potion of haste.
You feel yourself speed up.
* * * LOW HITPOINT WARNING * * *
You feel sick. The worker ant bites you.
You die...

...# ##....## ..#
#S.....##
##.......#
#........## #
##.........##
..##...h.......##
.n.............>.
####..aa.........
#....@.......##
#.##........##
#.. ##......## #.
###..### ####


You could see a necrophage, a howler monkey, 2 worker ants and an adder
(wandering).

Vanquished Creatures
  Terence (D:3)
  Natasha (thrice) (D:3)
  5 adders
  An adder skeleton (D:4)
  3 worms
  2 dart slugs
  2 leopard geckos
  An orc (D:3)
  8 bats
  4 giant cockroaches
  9 goblins
  10 hobgoblins
  5 jackals
  A quokka (D:4)
  A ball python (D:2)
  4 frilled lizards
  10 kobolds
  8 rats
78 creatures vanquished.

Notes
Turn   | Place    | Note
-------+----------+-------------------------------------------
     0 | D:1      | pk666 the Deep Elf Fire Elementalist began the quest for the Orb.
     0 | D:1      | Reached XP level 1. HP: 10/10 MP: 6/6
   211 | D:1      | Reached XP level 2. HP: 15/15 MP: 4/8
   804 | D:1      | Reached XP level 3. HP: 19/19 MP: 7/10
  1216 | D:2      | Reached XP level 4. HP: 16/24 MP: 4/11
  1409 | D:2      | Learned a level 4 spell: Sticky Flame
  1413 | D:2      | Learned a level 3 spell: Conjure Flame
  1845 | D:3      | Noticed Natasha
  1851 | D:3      | Killed Natasha
  1973 | D:3      | Noticed Terence
  1981 | D:3      | Killed Terence
  1981 | D:3      | Reached XP level 5. HP: 28/28 MP: 2/13
  2148 | D:3      | Noticed Natasha
  2155 | D:3      | Killed Natasha
  2393 | D:3      | Noticed Natasha
  2418 | D:3      | Killed Natasha
  2760 | D:3      | Found an ornate altar of the Wu Jian Council.
  2991 | D:4      | Noticed a necrophage
  2993 | D:4      | Slain by a worker ant

Vault maps used:
D:1:      matt_arrival_los_fun, st_stairs_4
D:2:      minmay_misc_feat_tiny, corexii_corridor_pit
D:3:      marbit_many_paths, first_ration, uniq_terence, uniq_natasha
D:4:      minmay_goblin_outpost

Skill      XL: |  1  2  3  4  5 |
---------------+----------------+-----
Conjurations   | 2 3 4 |  4.5
Spellcasting   | 4 |  4.8
Fire Magic     | 4 |  4.5
Dodging        | |  2.4
Stealth        | |  2.4

Action                   |  1- 3 |  4- 6 || total
-------------------------+-------+-------++-------
 Cast: Flame Tongue      |    64 |    93 ||   157
       Conjure Flame     |       |     1 ||     1
  Use: Scroll            |       |     8 ||     8
       Potion            |       |     1 ||     1
  Eat: Chunk             |     1 |     5 ||     6
Armor: Robe              |     4 |     1 ||     5
Dodge: Dodged            |    10 |    15 ||    25

Table legend:
 A = Spawn XP
 B = Non-spawn XP
 C = Spawn XP percentage of total XP
 D = Spawn monster count
 E = Non-spawn monster count
 F = Spawn count percentage of total count
 G = Total turns spent on level
                    A         B        C        D         E        F      G
               +---------+---------+-------+---------+---------+-------+---------
         Total |       0 |     342 |   0.0 |       0 |      78 |   0.0 |  2993
               +---------+---------+-------+---------+---------+-------+---------
           D:1 |       0 |      42 |   0.0 |       0 |      29 |   0.0 |   963
           D:2 |       0 |      79 |   0.0 |       0 |      22 |   0.0 |   798
           D:3 |       0 |     197 |   0.0 |       0 |      23 |   0.0 |  1127
           D:4 |       0 |      24 |   0.0 |       0 |       4 |   0.0 |   105
               +---------+---------+-------+---------+---------+-------+---------
